cohdb
Replays
Latest Replays
All Replays
Popular Replays
Top Player Replays
Match Explorer
How It Works
Community
CoH3 Stats
Reddit
Sign in to upload your games and track your stats! →
Sign in with Steam
Match 37157107
Unlisted
Match 37157107
Overview
Messages
Build Orders
End
Scout Squad
Selects Advanced Infantry Battlegroup
Construct Barracks
Riflemen Squad
Riflemen Squad
Grenade Package
Infantry Support Center
Selects Convert to Ranger Squad
Riflemen Squad
Construct Medical Station
Convert to Ranger Squad
Selects Artillery Observers
Advanced Logistics
Construct Weapon Support Center
Improved M9 Bazooka Rockets
Riflemen Squad
Selects Designate Assault Position
Convert to Ranger Squad
Construct Tank Depot
Selects Ranger Weapon Training
indoRuwet
KillerKing
deadsadbadmad
Alessandro-9891
0
0
Comments
sign in to comment!
No comments posted yet!